 Dungeon Crawl Stone Soup version 0.30-a0-639-g3916f1956a (webtiles) character file.

Game seed: 678372966165261589

327 acebull12 the Covered (level 6, -7/49 HPs)
             Began as a Formicid Fighter on Jan 17, 2023.
             Killed from afar by a steam dragon (11 damage)
             ... with a ball of steam
             ... on level 4 of the Dungeon.
             The game lasted 00:03:25 (2921 turns).

acebull12 the Covered (Formicid Fighter)            Turns: 2921, Time: 00:03:25

Health: -7/49      AC: 11    Str: 23    XL:     6   Next: 79%
Magic:  6/6        EV:  8    Int:  7    God:
Gold:   243        SH:  5    Dex: 13    Spells: 5/5 levels left

rFire   . . .      SeeInvis +    a - +0 war axe
rCold   . . .      Faith    .    c - +0 buckler
rNeg    . . .      Spirit   .    f - +0 chain mail
rPois   +          Reflect  .    (helmet unavailable)
rElec   .          Harm     .    (no cloak)
rCorr   .          Rampage  .    p - +0 pair of gloves
Will    .....                    (no boots) Stlth
                                 (no amulet)
HPRegen 0.28/turn                g - ring of poison resistance
MPRegen 0.10/turn                (no ring)

@: no status effects
A: permanent stasis, dig shafts and tunnels, antennae 3, four strong arms
a: Dig, Shaft Self


You were on level 4 of the Dungeon.
You visited 1 branch of the dungeon, and saw 4 of its levels.

You collected 243 gold pieces.

Inventory:

Hand Weapons
 a - a +0 war axe (weapon)
Missiles
 e - 12 poisoned darts
 i - 36 stones
Armour
 b - a +0 scale mail
 c - a +0 buckler (worn)
 f - a +0 chain mail (worn)
 p - a +0 pair of gloves (worn)
Jewellery
 g - a ring of poison resistance (left hand)
 w - an amulet of the acrobat
Scrolls
 j - 2 scrolls of identify {unknown}
 l - a scroll of poison {unknown}
 m - a scroll of immolation {unknown}
 n - 3 scrolls of teleportation {unknown}
 r - a scroll of fog {unknown}
 t - a scroll of blinking {unknown}
 u - a scroll of brand weapon {unknown}
Potions
 d - 3 potions of might
 h - 2 potions of brilliance {unknown}
 k - a potion of resistance {unknown}
 o - a potion of cancellation {unknown}
 q - a potion of invisibility {unknown}
 s - a potion of mutation {unknown}
 v - a potion of curing {unknown}


   Skills:
 + Level 4.4 Fighting
 + Level 4.3 Axes
 + Level 4.9 Armour
 + Level 1.0 Dodging
 + Level 0.3 Stealth
 + Level 4.8 Shields


You had 5 spell levels left.
You didn't know any spells.
Your spell library contained the following spells:

 Spells                   Type           Power      Damage    Failure   Level
 Inner Flame              Hex/Fire       0%         N/A       100%        3
 Cause Fear               Hex            0%         N/A       100%        4
 Discord                  Hex            0%         N/A       100%        8


Dungeon Overview and Level Annotations

Branches:
Dungeon (4/15)
 Temple: D:4-7

Altars:

Annotations:
D:4 1 runed translucent door, Crazy Yiuf


Innate Abilities, Weirdness & Mutations

You cannot be hasted, slowed, berserked, paralysed or teleported.
You can dig through walls and to a lower floor.
You have a pair of large antennae on your head. (SInv)
Your four strong arms can wield two-handed weapons with a shield.


Message History

Blork the orc suddenly complains.
Blork the orc hits you with a +0 battleaxe.
You slash Blork the orc!
Blork the orc is heavily wounded.
Blork the orc barely misses you.
Blork the orc begins to cast a cantrip, but forgets the words!
You slash Blork the orc!
Blork the orc is almost dead.
Blork the orc barely misses you. Blork the orc closely misses you.
You slash Blork the orc!
You kill Blork the orc!
The ball python bites you. The ball python closely misses you.
Your Dodging skill increases to level 1!
You hit the ball python.
You kill the ball python!
You hit the steam dragon but do no damage.
The steam dragon breathes steam at you. The ball of steam hits you!
You barely miss the steam dragon.
You are engulfed in a cloud of scalding steam.
The steam dragon bites you. The steam dragon closely misses you.
You hit the steam dragon but do no damage.
You are engulfed in a cloud of scalding steam.
The steam dragon closely misses you.
The steam dragon claws you but does no damage.
You block the steam dragon's attack. The steam dragon closely misses you.
You closely miss the steam dragon. The steam dragon bites you!
You block the steam dragon's attack.
You slash the steam dragon!
The steam dragon is moderately wounded.
The steam dragon bites you but does no damage.
You block the steam dragon's attack.
You slash the steam dragon!
The steam dragon is severely wounded.
The steam dragon breathes steam at you. The ball of steam hits you!
* * * LOW HITPOINT WARNING * * *
The steam dragon breathes steam at you. The ball of steam hits you!
You die...

## { #. #. #)
. ##########.
....#######
####..........
.>$...).D§#
#..'.....#####
#########§#
#.##.....# #@#
#.##.....# #.#
#.##.....##♣♣
#.#
#.##........♣♣
#.#
#.##.........♣
##.#
#.######......
#..# #.#
##....♣ #.##
#.# ###♣♣♣ #.#
#.# #####.#
#.#


You could see a steam dragon (catching breath).

Vanquished Creatures
  Blork the orc (D:4)
  A jelly (D:4)
  A hound (D:4)
  3 orc wizards
  3 gnolls (D:3)
  An adder (D:2)
  A dart slug (D:1)
  15 orcs
  6 ball pythons
  2 endoplasms (D:2)
  2 giant cockroaches
  5 goblins (D:1)
  5 hobgoblins
  6 jackals
  2 quokkas
  3 bats
  2 frilled lizards
  8 kobolds
  7 rats
74 creatures vanquished.

Notes
Turn   | Place    | Note
-------+----------+-------------------------------------------
     0 | D:1      | acebull12 the Formicid Fighter began the quest for the Orb.
     0 | D:1      | Reached XP level 1. HP: 18/18 MP: 1/1
   154 | D:1      | Reached XP level 2. HP: 24/24 MP: 2/2
   350 | D:1      | Found a faded altar of an unknown god.
   906 | D:2      | Reached XP level 3. HP: 29/29 MP: 3/3
  1458 | D:2      | Reached XP level 4. HP: 37/37 MP: 4/4
  2126 | D:3      | Reached XP level 5. HP: 39/42 MP: 5/5
  2580 | D:4      | Reached XP level 6. HP: 40/48 MP: 6/6
  2775 | D:4      | Found a runed translucent door.
  2776 | D:4      | Noticed Crazy Yiuf
  2905 | D:4      | Noticed Blork the orc
  2908 | D:4      | Noticed a steam dragon
  2911 | D:4      | Killed Blork the orc
  2912 | D:4      | Reached skill level 1 in Dodging
  2921 | D:4      | Killed from afar by a steam dragon

Illustrated notes

Levels and vault maps discovered:
D:1:      dpeg_arrival_pits, layout_basic, ebering_ecumenical_altar_sacrificial,
          hangedman_abyss_or_decor_lesser_grid,
          amcnicky_mini_rare_corridor_liquid
D:2:      layout_basic, minmay_pentomino_o4
D:3:      layout_loops_cross
D:4:      layout_basic, serial_co_window_serial, co_window_corner_a,
          co_window_cross_1, co_window_corner_a, co_window_of_opportunity_a,
          co_window_corner_a, co_window_paths_c, co_window_of_opportunity_b,
          co_window_broadway_a, co_window_corner_cb, glass_columns_b,
          uniq_blork_the_orc, uniq_crazy_yiuf_cottage

Skill      XL: |  1  2  3  4  5  6 |
---------------+-------------------+-----
Armour         | 4 |  4.9
Axes           | 3 4 |  4.3
Fighting       | 4 |  4.4
Dodging        | 1 |  1.0
Stealth        | |  0.3
Shields        | |  4.8

Action                   |  1- 3 |  4- 6 || total
-------------------------+-------+-------++-------
Melee: War axe           |    72 |   104 ||   176
Armor: Scale mail        |    27 |    19 ||    46
       Chain mail        |       |    31 ||    31
Dodge: Dodged            |    37 |    52 ||    89
Block: Buckler           |    20 |    30 ||    50

Table legend: (Time is in decaauts)
 A = Elapsed time spent in this place.
 B = Non-inter-level travel time spent in this place.
 C = Inter-level travel time spent in this place.
 D = Time resting spent in this place.
 E = Time spent auto-exploring this place.
 F = Levels seen in this place.
 G = Mean time per level.
                   A        B        C        D        E       F      G
               +--------+--------+--------+--------+--------+-----+--------+
         Total |   2989 |   2669 |    320 |      2 |   2127 |   4 |  747.2 |
       Dungeon |   2989 |   2669 |    320 |      2 |   2127 |   4 |  747.2 |
               +--------+--------+--------+--------+--------+-----+--------+

Top non-repeatable levels by time:
     D:2: 989 daAuts
     D:1: 848 daAuts
     D:3: 767 daAuts
     D:4: 383 daAuts
